 Dungeon Crawl Stone Soup version 0.28.0-45-g0d030f2227 (webtiles) character file.

Game seed: 9125320476673619021

1077 terff the Covert (level 8, 0/50 (54) HPs)
             Began as an Octopode Brigand on Apr 3, 2022.
             Slain by a wight
             ... wielding a +0 mace
              (12 damage)
             ... on level 6 of the Dungeon.
             The game lasted 00:13:04 (5749 turns).

terff the Covert (Octopode Brigand)                 Turns: 5749, Time: 00:13:04

HP:   0/50 (54)     AC:  3    Str: 10    XL:     8   Next: 29%
MP:   8/8           EV: 14    Int: 14    God:
Gold: 176           SH:  0    Dex: 15    Spells: 7/7 levels left

rFire   + . .      SeeInvis +   a - +2 dagger (flame)
rCold   + + .      Faith    .   (no shield)
rNeg    . . .      Spirit   .   p - +2 hat "Dipnanwa" {-Cast rF+ rC+}
rPois   .          Reflect  .   (no amulet)
rElec   .          Harm     .   n - ring "Somiuc Alix" {+Blink SInv}
rCorr   .          Rampage  .   x - ring of protection from cold
Will    .....      NoCast   +   (no ring)
Stlth   ++++++....              (no ring)
HPRegen 0.16/turn               (no ring)
MPRegen 0.11/turn               (no ring)
                                (no ring)
                                (no ring)

@: drained
A: almost no armour, amphibious, 8 rings, camouflage 1, gelatinous body 1,
(nimble swimmer 1), tentacles
a: Evoke Blink


You were on level 6 of the Dungeon.
You visited 1 branch of the dungeon, and saw 6 of its levels.
You also visited: Sewer.

You collected 176 gold pieces.

Inventory:

Hand Weapons
 a - a +2 dagger of flaming (weapon)
 d - a +2 mace of protection
Missiles
 b - 22 poisoned darts (quivered)
 c - 2 curare-tipped darts
 r - a throwing net
Armour
 p - the +2 hat "Dipnanwa" (worn) {-Cast rF+ rC+}
   (You acquired it on level 4 of the Dungeon)

   rF:        It protects you from fire.
   rC:        It protects you from cold.
   -Cast:     It prevents spellcasting.
Jewellery
 n - the ring "Somiuc Alix" (left tentacle) {+Blink SInv}
   (You acquired it on level 3 of the Dungeon)

   [ring of see invisible]

   SInv:      It lets you see invisible.
   +Blink:    It lets you blink.
 x - a ring of protection from cold (right tentacle)
Wands
 v - a wand of digging (3)
Scrolls
 e - 2 scrolls of fog
 j - a scroll of noise
 q - a scroll of summoning
 s - a scroll of enchant armour {unknown}
 w - a scroll of fear
 y - a scroll of identify
 z - a scroll of acquirement
Potions
 f - a potion of mutation {unknown}
 g - a potion of magic {unknown}
 h - a potion of attraction {unknown}
 i - 6 potions of curing
 k - 2 potions of might {unknown}
 l - 2 potions of flight {unknown}
 m - 2 potions of brilliance {unknown}
 o - a potion of ambrosia {unknown}
 t - a potion of haste {unknown}
 u - a potion of experience {unknown}


   Skills:
 + Level 4.0 Fighting
 + Level 4.9 Short Blades
 + Level 2.2 Throwing
 + Level 3.4 Dodging
 + Level 10.6 Stealth
 + Level 0.1 Evocations


You had 7 spell levels left.
You didn't know any spells.
Your spell library was empty.

Dungeon Overview and Level Annotations

Branches:
Dungeon (6/15)              Sewer (visited)
 Temple: D:4-7

Altars:


Innate Abilities, Weirdness & Mutations

You cannot wear most types of armour.
You are amphibious.
You can wear up to eight rings at the same time.
Your skin changes colour to match your surroundings (Stealth+).
Your rubbery body absorbs attacks. (AC +1, EV +1)
((You are camouflaged when in or above water. (Stealth+)))
You have tentacles for arms and can constrict up to eight enemies at once.


Message History

You constrict the wight, but do no damage.
The wight closely misses you.
You hit the wight but do no damage.
The wight is heavily damaged.
You constrict the wight. The wight hits you with a +0 mace!
The wight hits you with a +0 hand axe!
* * * LOW HITPOINT WARNING * * *
You feel drained.
You barely miss the wight.
The wight is heavily damaged.
You constrict the wight. The wight misses you.
You release your grip on the wight.
The wight closely misses you.
There is a stone staircase leading up here.
There is a stone staircase leading down here.
The wight barely misses you.
You climb downwards.
There is a stone staircase leading up here.
You hit the wight. You burn the wight. You grab the wight.
The wight is lightly damaged.
You constrict the wight, but do no damage.
The wight barely misses you.
You hit the wight. You burn the wight.
The wight is moderately damaged.
You constrict the wight, but do no damage.
The wight hits you with a +0 mace!
* * * LOW HITPOINT WARNING * * *
You feel drained.
* * * LOW HITPOINT WARNING * * *
You hit the wight but do no damage.
The wight is moderately damaged.
You constrict the wight. The wight misses you.
You hit the wight. You burn the wight.
You squeeze the wight, but do no damage.
The wight is heavily damaged.
You constrict the wight. You hit the wight but do no damage.
You squeeze the wight.
The wight is severely damaged.
You constrict the wight. The wight hits you with a +0 mace!
You die...

###
#@#
#z#
#.#
+..
#.#
#.#
#.#
#.#


You could see a wight.

Vanquished Creatures
  Prince Ribbit (D:5)
  A hornet (D:5)
  An ogre (D:5)
  A black bear (D:4)
  A kobold brigand (Sewer)
  A hound (D:4)
  2 orc priests (D:5)
  A scorpion zombie (D:5)
  Terence (D:2)
  An orc wizard (D:5)
  A killer bee zombie (D:5)
  4 gnolls (D:4)
  10 adders
  3 river rats
  An ufetubus (D:5)
  2 dart slugs
  5 orcs
  9 ball pythons
  8 endoplasms
  A giant cockroach (D:4)
  7 goblins
  3 hobgoblins
  3 jackals (Sewer)
  8 kobolds
  3 quokkas
  6 bats
  9 frilled lizards
  8 rats
102 creatures vanquished.

Vanquished Creatures (collateral kills)
  An iguana (D:5)
1 creature vanquished.

Vanquished Creatures (others)
  14 plants (Sewer)
14 creatures vanquished.

Grand Total: 117 creatures vanquished

Notes
Turn   | Place    | Note
-------+----------+-------------------------------------------
     0 | D:1      | terff the Octopode Brigand began the quest for the Orb.
     0 | D:1      | Reached XP level 1. HP: 14/14 MP: 1/1
   470 | D:1      | Reached XP level 2. HP: 19/19 MP: 2/2
   737 | D:1      | Reached skill level 6 in Stealth
  1022 | D:1      | Reached XP level 3. HP: 24/24 MP: 3/3
  1064 | D:1      | Found a faded altar of an unknown god.
  1147 | D:2      | Noticed Terence
  1154 | D:2      | Killed Terence
  1288 | D:2      | Reached XP level 4. HP: 25/29 MP: 4/4
  1917 | D:3      | Identified a scroll of acquirement
  1917 | D:3      | Acquired the ring "Somiuc Alix" {+Blink SInv}
  2171 | D:3      | Reached skill level 7 in Stealth
  2480 | D:4      | Acquired the +2 hat "Dipnanwa" {-Cast rF+ rC+}
  2781 | D:4      | Noticed a black bear
  2782 | D:4      | Killed a black bear
  2783 | D:4      | Reached skill level 8 in Stealth
  2783 | D:4      | Reached XP level 5. HP: 35/35 MP: 5/5
  2872 | D:4      | Reached XP level 6. HP: 24/41 MP: 6/6
  2927 | D:4      | Found a glowing drain.
  2936 | Sewer    | Entered a sewer
  4042 | D:4      | Reached skill level 9 in Stealth
  4429 | D:5      | Entered Level 5 of the Dungeon
  4433 | D:5      | Reached XP level 7. HP: 46/46 MP: 7/7
  4778 | D:5      | Noticed Prince Ribbit
  4797 | D:5      | Killed Prince Ribbit
  5033 | D:4      | Reached skill level 10 in Stealth
  5307 | D:5      | Reached XP level 8. HP: 44/54 MP: 8/8
  5604 | D:5      | Noticed a hornet
  5622 | D:5      | Killed a hornet
  5749 | D:6      | Slain by a wight

Illustrated notes

Levels and vault maps discovered:
D:1:      lemuel_arrival_broad_hall, layout_loops_ring,
          ebering_ecumenical_altar_webs
D:2:      layout_rooms, uniq_terence
D:3:      layout_basic
D:4:      layout_loops_ring, portal_sewer_entry_b, st_stairs_1
D:5:      layout_layer_cave, trog_antimagical, uniq_prince_ribbit1
D:6:      layout_basic, uniq_blork_the_orc

Skill      XL: |  1  2  3  4  5  6  7  8 |
---------------+-------------------------+-----
Stealth        | 6 8 9 10 | 10.6
Short Blades   | 3 4 |  4.9
Dodging        | 2 3 |  3.4
Fighting       | 3 4 |  4.0
Throwing       | |  2.2
Evocations     | |  0.1

Action                   |  1- 3 |  4- 6 |  7- 9 || total
-------------------------+-------+-------+-------++-------
Melee: Dagger            |    47 |   145 |    71 ||   263
       Constrict         |     9 |    32 |    10 ||    51
       Tentacles         |     4 |    32 |    13 ||    49
       Punch             |       |     3 |     1 ||     4
 Abil: Evoke Blink       |       |     1 |       ||     1
  Use: Scroll            |     2 |     8 |     1 ||    11
 Stab: Sleeping          |     9 |    19 |     3 ||    31
       Distracted        |       |     1 |       ||     1
Armor: Skin              |     1 |    19 |     7 ||    27
Dodge: Dodged            |    30 |    81 |    43 ||   154
